 Dungeon Crawl Stone Soup version 0.30-a0-989-g0d87f670db (webtiles) character file.

Game seed: 13530415966243887307

596 vcosmic11 the Cudgeller (level 7, -10/44 HPs)
             Began as a Gargoyle Fighter on Apr 3, 2023.
             Mangled by an iguana (11 damage)
             ... on level 5 of the Dungeon.
             The game lasted 00:18:22 (3191 turns).

vcosmic11 the Cudgeller (Gargoyle Fighter)          Turns: 3191, Time: 00:18:23

Health: -10/44     AC: 13    Str: 22    XL:     7   Next: 40%
Magic:  0/7        EV:  6    Int:  8    God:
Gold:   92         SH: 12    Dex:  9    Spells: 6/6 levels left

rFire   + . .      SeeInvis .    a - +0 flail
rCold   . . .      Faith    .    j - +0 tower shield
rNeg    + . .      Spirit   +    b - +0 scale mail
rPois   ∞          Reflect  .    (no helmet)
rElec   +          Rampage  .    (no cloak)
rCorr   .                        (no gloves)
Will    .....                    e - +0 pair of boots Stlth
                                 n - amulet of guardian spirit
HPRegen 0.27/turn                g - ring of protection from fire
MPRegen 0.10/turn                (no ring)

@: weak-willed, hasted, very quick
A: sickness immunity, AC +4, negative energy resistance 1, electricity
resistance, torment resistance 1, petrification resistance
a: no special abilities


You were on level 5 of the Dungeon.
You visited 1 branch of the dungeon, and saw 5 of its levels.

You collected 92 gold pieces.

Inventory:

Hand Weapons
 a - a +0 flail (weapon)
Armour
 b - a +0 scale mail (worn)
 c - a +0 buckler
 e - a +0 pair of boots (worn)
 j - a +0 tower shield (worn)
Jewellery
 g - a ring of protection from fire (left hand)
 n - an amulet of guardian spirit (around neck)
Scrolls
 k - a scroll of amnesia
 p - a scroll of magic mapping
Potions
 d - a potion of might
 h - a potion of cancellation {unknown}
 i - 5 potions of curing {unknown}
 l - a potion of heal wounds {unknown}
 m - a potion of ambrosia {unknown}
 o - a potion of brilliance {unknown}


   Skills:
 + Level 4.6 Fighting
 + Level 5.1 Maces & Flails
 + Level 1.3 Polearms
 + Level 4.5 Armour
 + Level 2.0 Dodging
 + Level 0.5 Stealth
 + Level 4.2 Shields


You had 6 spell levels left.
You didn't know any spells.
Your spell library contained the following spells:

 Spells                   Type           Power      Damage    Failure   Level
 Necrotise                Necr           0%         1d4       100%        1
 Wereblood                Tmut           0%         N/A       100%        2
 Summon Guardian Golem    Hex/Summ       0%         N/A       100%        3
 Vampiric Draining        Necr           0%         2d6       100%        3
 Agony                    Necr           0%         N/A       100%        5
 Orb of Destruction       Conj           0%         9d5       100%        7
 Spellforged Servitor     Conj/Summ      0%         N/A       100%        7
 Summon Hydra             Summ           0%         N/A       100%        7
 Sublimation of Blood     Necr           Unusable   N/A       N/A         2

Dungeon Overview and Level Annotations

Branches:
Dungeon (5/15)
 Temple: D:4-7

Altars:
Uskayaw

Portals:
Sewer: D:5

Annotations:
D:1 2 transporters
D:5 Dowan, Duvessa, Eustachio


Innate Abilities, Weirdness & Mutations

You are immune to sickness and miasma.
Your stone body is resilient. (AC +4)
You are immune to poison.
You resist negative energy. (rN+)
You are resistant to electric shocks. (rElec)
You are resistant to unholy torment.
You are immune to petrification.


Message History

As you read the scroll labelled DUT NOOSED LAI, it crumbles to dust.
Magic quickly surges around you.
It was a scroll of vulnerability.
The quokka bites you but does no damage.
The adder barely misses you. The iguana bites you!
* * * LOW HITPOINT WARNING * * *
Blink to where?
Press: ? - help, Dir - move target
As you read the scroll of blinking, it crumbles to dust.
Unknown command.
There are monsters nearby!
There are monsters nearby!
The adder hisses angrily.
Found a glowing drain.
You thump the quokka!
You kill the quokka!
The quokka's corpse disappears in a puff of smoke!
Dowan says, "Stay away from my face!"
You block the iguana's attack. The iguana attacks as you move away!
You block the iguana's attack.
Dowan points at Duvessa and mumbles some strange words.
Duvessa seems to speed up.
The iguana bites you but does no damage.
The iguana attacks as you move away! The iguana bites you.
* * * LOW HITPOINT WARNING * * *
Dowan casts a spell.
Dowan blinks!
Found 7 stones.
You hit the iguana.
The iguana is moderately wounded.
Duvessa hits you with a +0 rapier of flaming.
* * * LOW HITPOINT WARNING * * *
Duvessa burns you.
* * * LOW HITPOINT WARNING * * *
The iguana bites you.
* * * LOW HITPOINT WARNING * * *
Unknown command.
Unknown command.
It was a potion of haste.
You feel yourself speed up. Duvessa hits you but does no damage.
The iguana bites you!
You die...

#.......#
###.##+##.#
#...#~~~#.# ####
#.#.#~~~#.# r..##
#.#.#~∩~#.# ###.#
#.#.#~~B#.##### #
#.###.#.#~SB#.....(
# #..§....#####S.#
...######....r.l@#
### ####...e.#
#######


You could see Duvessa (fast, weak-willed), an iguana (weak-willed), 2 adders, a
quokka (summoned, weak-willed) and 2 giant cockroaches.

Vanquished Creatures
  Pikel (D:5)
  An iguana (D:4)
  5 adders
  A dart slug (D:4)
  A worm (D:2)
  4 ball pythons
  2 bats
  5 endoplasms
  A giant cockroach (D:4)
  7 goblins
  8 hobgoblins
  6 jackals
  3 quokkas
  6 frilled lizards
  5 kobolds
  A rat (D:3)
  A bush (D:4)
58 creatures vanquished.

Vanquished Creatures (others)
  A fungus (D:4)
1 creature vanquished.

Grand Total: 59 creatures vanquished

Notes
Turn   | Place    | Note
-------+----------+-------------------------------------------
     0 | D:1      | vcosmic11 the Gargoyle Fighter began the quest for the Orb.
     0 | D:1      | Reached XP level 1. HP: 14/14 MP: 1/1
   152 | D:1      | Reached XP level 2. HP: 10/19 MP: 2/2
  1138 | D:1      | Reached XP level 3. HP: 24/24 MP: 3/3
  1558 | D:2      | Reached skill level 1 in Dodging
  2253 | D:3      | Found a hide-covered altar of Uskayaw.
  2460 | D:4      | Reached XP level 4. HP: 24/29 MP: 4/4
  2748 | D:5      | Entered Level 5 of the Dungeon
  2748 | D:5      | Noticed a lemure
  2749 | D:5      | Noticed a lemure
  2749 | D:5      | Noticed Pikel
  2750 | D:5      | Noticed a lemure
  2750 | D:5      | Noticed Duvessa
  2752 | D:5      | Noticed a lemure
  2755 | D:5      | Noticed Dowan
  2757 | D:5      | Noticed Eustachio
  2772 | D:5      | Killed Pikel
  2773 | D:5      | Reached skill level 5 in Maces & Flails
  2773 | D:5      | Reached skill level 1 in Polearms
  2773 | D:5      | Reached XP level 5. HP: 14/34 MP: 2/5
  2773 | D:5      | Reached XP level 6. HP: 17/39 MP: 2/6
  2773 | D:5      | Reached XP level 7. HP: 19/44 MP: 2/7
  2797 | D:4      | HP: 2/44 [adder (2)]
  3176 | D:5      | Found a glowing drain.
  3190 | D:5      | HP: 1/44 [iguana (4)]
  3191 | D:5      | Mangled by an iguana

Illustrated notes

Levels and vault maps discovered:
D:1:      spicycebolla_arrival_transporter_tutorial, layout_basic
D:2:      layout_loops_ring, basic_altar
D:3:      minmay_evil_eye, layout_rooms, eat_drink_and_be_merry_uskayaw
D:4:      layout_basic, serial_shops, kennysheep_little_box,
          uniq_crazy_yiuf_cottage, uniq_grinder
D:5:      layout_loops_ring, mainiacjoe_overflow_alcove_4,
          minmay_temple_entry_statues_fountains, gup_sewer_entry_glass,
          gammafunk_ghost_smash, grunt_ministairs_11, uniq_duvessa,
          uniq_eustachio, uniq_pikel

Skill      XL: |  1  2  3  4 |
---------------+-------------+-----
Dodging        | 1 2 |  2.0
Fighting       | 4 |  4.6
Maces & Flails | 5 |  5.1
Polearms       | 1 |  1.3
Armour         | 4 |  4.5
Shields        | 4 |  4.2
Stealth        | |  0.5

Action                     |  1- 3 |  4- 6 |  7- 9 || total
---------------------------+-------+-------+-------++-------
  Melee: Flail             |   135 |   122 |    46 ||   303
         Trident           |    36 |       |       ||    36
    Use: Scroll            |     5 |     2 |     3 ||    10
         Potion            |       |       |     1 ||     1
 Armour: Scale mail        |   169 |    46 |    60 ||   275
  Dodge: Dodged            |   131 |    32 |    26 ||   189
  Block: Buckler           |    32 |    19 |     4 ||    55
         Tower shield      |       |       |    33 ||    33

Table legend: (Time is in decaauts)
 A = Elapsed time spent in this place.
 B = Non-inter-level travel time spent in this place.
 C = Inter-level travel time spent in this place.
 D = Time resting spent in this place.
 E = Time spent auto-exploring this place.
 F = Levels seen in this place.
 G = Mean time per level.
                   A        B        C        D        E       F      G
               +--------+--------+--------+--------+--------+-----+--------+
         Total |   3302 |   3302 |      0 |    177 |    626 |   5 |  660.4 |
       Dungeon |   3302 |   3302 |      0 |    177 |    626 |   5 |  660.4 |
               +--------+--------+--------+--------+--------+-----+--------+

Top non-repeatable levels by time:
     D:1: 1507 daAuts
     D:3: 728 daAuts
     D:4: 726 daAuts
     D:2: 263 daAuts
     D:5: 76 daAuts
